 Dungeon Crawl Stone Soup version 0.20.0-15-g7f486f2 (webtiles) character file.

80 KleinerIrrer the Bolt Thrower (level 4, -3/39 HPs)
             Began as a Naga Hunter on June 24, 2017.
             Slain by a wraith (5 damage)
             ... in an ossuary.
             The game lasted 00:05:07 (1671 turns).

KleinerIrrer the Bolt Thrower (Naga Hunter)         Turns: 1671, Time: 00:05:08

Health: -3/39      AC:  5    Str: 14    XL:     4   Next: 39%
Magic:  4/4        EV:  9    Int: 11    God:
Gold:   76         SH:  0    Dex: 13    Spells: 3/3 levels left

rFire    . . .     SeeInvis +   g - +2 whip (holy)
rCold    . . .     Gourm    .   (no shield)
rNeg     . . .     Faith    .   c - +0 leather armour
rPois    +         Spirit   .   p - +0 helmet
rElec    .         Reflect  .   i - +0 cloak
rCorr    .         Harm     .   (no gloves)
MR       .....                  (no barding)
Stlth    ++........             (no amulet)
Regen    0.2/turn               (no ring)
MPRegen  0.1/turn               (no ring)

@: slowed, very slow
A: see invisible, deformed body, poison resistance, slowness 2, slow metabolism
1, spit poison 1, AC +1
a: Spit Poison


You were in an ossuary.
You were not hungry.

You visited 1 branch of the dungeon, and saw 3 of its levels.
You also visited: Ossuary.

You collected 76 gold pieces.

Inventory:

Hand Weapons
 a - a +1 hand crossbow
 b - a +0 short sword
 g - a +2 whip of holy wrath (weapon)
Missiles
 d - 9 bolts
Armour
 c - a +0 leather armour (worn)
 i - a +0 cloak (worn)
 p - a +0 helmet (worn)
Jewellery
 k - an uncursed ring of see invisible {unknown}
Wands
 s - a wand of clouds (5/9)
 u - a wand of lightning (8/15)
 w - a wand of lightning (10/15)
Scrolls
 e - 2 scrolls of remove curse {unknown}
 h - 3 scrolls of identify {unknown}
 l - a scroll of random uselessness {unknown}
 m - a scroll of enchant weapon {unknown}
 q - 5 scrolls of teleportation {unknown}
 r - a scroll of amnesia {unknown}
 t - a scroll of recharging {unknown}
Potions
 n - 2 potions of brilliance {unknown}
 o - a potion of agility {unknown}
 v - a potion of heal wounds {unknown}
 x - a potion of flight {unknown}
Comestibles
 f - 2 bread rations
 j - 3 royal jellies


   Skills:
 - Level 2.0 Fighting
 + Level 4.9 Crossbows
 + Level 1.0 Armour
 + Level 1.6 Dodging
 + Level 2.1 Stealth


You had 3 spell levels left.
You didn't know any spells.

Dungeon Overview and Level Annotations

Branches:
Dungeon (2/15)

Altars:


Innate Abilities, Weirdness & Mutations

You cannot wear boots.
Your serpentine skin is tough. (AC +1)
You have supernaturally acute eyesight. (SInv)
Armour fits poorly on your strangely shaped body.
Your system is resistant to poisons. (rPois)
You cover ground very slowly.
You have a slow metabolism.
You can spit poison.


Message History

Your +2 whip of holy wrath softly glows with a divine radiance!
g - a +2 whip of holy wrath (weapon)
The wraith hits you.
* * * LOW HITPOINT WARNING * * *
The wraith drains your vigour!
You feel as though you will be slow longer.
You hit the wraith but do no damage.
The wraith is heavily damaged.
The wraith hits you.
* * * LOW HITPOINT WARNING * * *
The wraith drains your vigour!
You feel as though you will be slow longer.
You hit the wraith.
The wraith convulses.
The wraith is severely damaged.
The wraith hits you but does no damage. The wraith hits you.
* * * LOW HITPOINT WARNING * * *
You closely miss the wraith.
The wraith is severely damaged.
The wraith hits you but does no damage. The wraith hits you.
You die...

#############
#.@.........
#.W##.###.#
#.#(#.#z#.# #
#.###.###.###.#
#.............#
#.............#
#.###.....###.#
#.# #.....# #.#
#.###.....###.#


You could see a wraith.

Vanquished Creatures
  3 adders (D:2)
  3 adder zombies (Ossuary)
  A worm (D:2)
  2 leopard geckos
  2 giant cockroaches
  4 goblins
  2 hobgoblins (D:1)
  2 jackals (D:1)
  5 kobolds
  A quokka (D:2)
  A ball python skeleton (Ossuary)
  4 bats
  3 frilled lizards
  A hobgoblin zombie (Ossuary)
  4 kobold zombies (Ossuary)
  An orc zombie (Ossuary)
  3 rats
42 creatures vanquished.

Notes
Turn   | Place    | Note
-------+----------+-------------------------------------------
     0 | D:1      | KleinerIrrer the Naga Hunter began the quest for the Orb.
     0 | D:1      | Reached XP level 1. HP: 19/19 MP: 1/1
   167 | D:1      | Reached skill level 4 in Crossbows
   167 | D:1      | Reached XP level 2. HP: 26/26 MP: 2/2
   815 | D:2      | Reached XP level 3. HP: 26/32 MP: 3/3
  1279 | D:2      | Reached XP level 4. HP: 39/39 MP: 4/4
  1412 | D:2      | You fall through a shaft for 2 floors!
  1412 | D:4      | Found a sand-covered staircase.
  1415 | Ossuary  | Entered an ossuary
  1598 | Ossuary  | Reached skill level 1 in Armour
  1622 | Ossuary  | Noticed a wraith
  1622 | Ossuary  | Noticed a flying skull
  1633 | Ossuary  | Noticed a flying skull
  1663 | Ossuary  | Noticed a wraith
  1671 | Ossuary  | Slain by a wraith

Skill      XL: |  1  2  3  4 |
---------------+-------------+-----
Crossbows      | 4 |  4.9
Stealth        | 2 |  2.1
Armour         | 1 |  1.0
Fighting       | |  2.0
Dodging        | |  1.6

Action                   |  1- 3 |  4- 6 || total
-------------------------+-------+-------++-------
Melee: Whip              |    59 |     3 ||    62
 Fire: Hand crossbow     |    23 |    35 ||    58
 Stab: Sleeping          |     2 |       ||     2
  Eat: Chunk             |       |     1 ||     1
Armor: Leather armour    |    28 |     7 ||    35
Dodge: Dodged            |    31 |     9 ||    40
